 Dungeon Crawl Stone Soup version 0.29-a0-350-g7790a0e70a (console) character file.

Game seed: 10460200240585763439

101 jejorda2 the Slasher (level 4, -3/37 HPs)
             Began as a Merfolk Berserker on Apr 22, 2022.
             Was a Believer of Trog.
             Slain by a gnoll
             ... wielding a +0 spear
              (6 damage)
             ... on level 3 of the Dungeon.
             The game lasted 00:05:40 (3269 turns).

jejorda2 the Slasher (Merfolk Berserker)            Turns: 3269, Time: 00:05:40

Health: -3/37      AC:  5    Str: 17    XL:     4   Next: 75%
Magic:  4/4        EV: 12    Int:  6    God:    Trog [**....]
Gold:   39         SH:  0    Dex: 15    Spells: 3/3 levels left

rFire   . . .      SeeInvis .   a - +0 falchion
rCold   . . .      Faith    .   (no shield)
rNeg    . . .      Spirit   .   i - +0 leather armour
rPois   .          Reflect  .   r - +0 helmet
rElec   .          Harm     .   w - +0 cloak
rCorr   .          Rampage  .   (no gloves)
Will    .....                   (no boots)
Stlth   +.........              (no amulet)
HPRegen 0.12/turn               (no ring)
MPRegen 0.09/turn               (no ring)

@: no status effects
A: (nimble swimmer 2), mertail
a: Renounce Religion, Berserk, Trog's Hand


You were on level 3 of the Dungeon.
You worshipped Trog.
Trog was pleased with you.
You visited 1 branch of the dungeon, and saw 4 of its levels.

You collected 104 gold pieces.
You spent 65 gold pieces at shops.

Inventory:

Hand Weapons
 a - a +0 falchion (weapon)
 c - a +2 dagger of pain
Missiles
 g - 7 poisoned darts (quivered)
 j - 4 atropa-tipped darts
Armour
 i - a +0 leather armour (worn)
 r - a +0 helmet (worn)
 w - a +0 cloak (worn)
Scrolls
 b - 2 scrolls of enchant weapon {unknown}
 d - 9 scrolls of identify {unknown}
 e - 6 scrolls of teleportation
 f - 2 scrolls of magic mapping
 h - a scroll of immolation {unknown}
 k - 4 scrolls of amnesia {unknown}
 l - a scroll of brand weapon {unknown}
 m - a scroll of silence {unknown}
 p - 2 scrolls of fear {unknown}
 q - 2 scrolls of enchant armour {unknown}
 u - 2 scrolls of blinking {unknown}
 x - a scroll of vulnerability {unknown}
Potions
 n - a potion of haste {unknown}
 o - a potion of lignification {unknown}
 s - a potion of degeneration {unknown}
 t - 2 potions of attraction {unknown}
 v - a potion of curing {unknown}


   Skills:
 + Level 4.1 Fighting
 * Level 5.2 Long Blades
 + Level 2.1 Armour
 - Level 2.6 Dodging


You had 3 spell levels left.
You didn't know any spells.
Your spell library was empty.

Dungeon Overview and Level Annotations

Branches:
Dungeon (4/15)
 Temple: D:4-7

Altars:
Fedhas
Trog

Shops:
D:1 ?


Innate Abilities, Weirdness & Mutations

((You are very nimble when in or above water. (Stealth+, EV+, Speed+++)))
Your lower body shifts to a powerful aquatic tail in water.


Message History

(D) Dungeon
Where to? (Enter - D:3, ? - help)
There is an open door here.
There is a stone staircase leading down here.
You climb downwards.
There is a stone staircase leading up here.
You open the door.
There is an open door here.
You open the door.
There is an open door here.
You open the door.
There is an open door here.
d - 9 scrolls labelled DYOMOK ROENYIP (gained 1) As you open the door, it creaks loudly!
You hear a shout!
There is an open door here.
Found two stone staircases leading up.
A gnoll sergeant and a gnoll come into view.
The gnoll sergeant shouts!
The gnoll shouts!
You hear a shout!
A gnoll comes into view. It is wielding a +0 spear.
A gnoll comes into view. It is wielding a +0 halberd.
The gnoll shouts!
A gnoll comes into view. It is wielding a +0 spear.
The gnoll barely misses you. x2
The gnoll sergeant hits you but does no damage.
The gnoll closely misses you.
There is a stone staircase leading up here.
The gnoll hits you from afar with a +0 spear.
The gnoll hits you with a +0 spear. The gnoll closely misses you.
The gnoll sergeant hits you with a +0 spear.
You climb upwards.
There is a stone staircase leading down here.
You fail to use your ability.
The gnoll closely misses you.
The gnoll sergeant hits you with a +0 spear.
You barely miss the gnoll sergeant. The gnoll hits you with a +0 spear.
The gnoll sergeant hits you with a +0 spear!
* * * LOW HITPOINT WARNING * * *
You hit the gnoll sergeant.
The gnoll sergeant is lightly wounded.
The gnoll hits you with a +0 spear.
You die...

#§#≈...≈##..# ##########
##≈#≈...≈⌠#..#######........#
...§.._.≈##........'†.......#
..≈#§...≈⌠#..#######........#####
..≈#≈§.§§##.....................#
..≈#≈§§§§##...#.#.#.........###.#
..≈##⌠#⌠###.##..............# #.#
..§§######....#g#g#......#### #.#
..### #####..@...........# #.#
..# ##.#.#.........# #.#
..############..............# #.#
..............#.#.#...>.....# #.#
......#######...............###.#
..........# #.#.#.#...........#.#
..........# #....÷..........#.#.#
..........# ###.#.#.........#...#
..........# #...............####


You could see a gnoll sergeant and a gnoll.

Vanquished Creatures
  5 adders
  A worm (D:3)
  An orc (D:3)
  6 endoplasms
  3 giant cockroaches
  4 goblins
  A hobgoblin (D:2)
  4 jackals (D:1)
  5 kobolds
  3 quokkas
  6 ball pythons
  4 bats
  5 frilled lizards
  2 rats (D:1)
50 creatures vanquished.

Notes
Turn   | Place    | Note
-------+----------+-------------------------------------------
     0 | D:1      | jejorda2 the Merfolk Berserker began the quest for the Orb.
     0 | D:1      | Reached XP level 1. HP: 18/18 MP: 1/1
   230 | D:1      | Reached XP level 2. HP: 24/24 MP: 2/2
   247 | D:1      | Reached skill level 4 in Long Blades
   835 | D:1      | Found Efraps's Magic Scroll Emporium.
   838 | D:1      | Bought a scroll of teleportation for 30 gold pieces
   900 | D:1      | Reached XP level 3. HP: 21/29 MP: 3/3
  1951 | D:2      | Reached ** piety under Trog
  1979 | D:2      | Reached XP level 4. HP: 37/37 MP: 4/4
  2074 | D:1      | Bought a scroll of magic mapping for 35 gold pieces
  2497 | D:3      | Reached skill level 5 in Long Blades
  2561 | D:3      | Found a blossoming altar of Fedhas.
  3184 | D:3      | Found a bloodstained altar of Trog.
  3260 | D:4      | Noticed a gnoll sergeant
  3269 | D:3      | Slain by a gnoll

Illustrated notes

Levels and vault maps discovered:
D:1:      lightli_arrival_isolated_outpost, layout_rooms, serial_shops,
          nicolae_shop_behind_doors
D:2:      layout_basic
D:3:      layout_basic, lightli_temple_of_fire, nicolae_overflow_crystal_walls,
          st_stairs_13
D:4:      layout_gridville, lemuel_crystal_altar,
          chequers_serial_rivers_micro_b, minmay_manual_monolith

Skill      XL: |  1  2  3  4 |
---------------+-------------+-----
Long Blades    | 4 5 |  5.2
Armour         | 2 |  2.1
Fighting       | 4 |  4.1
Dodging        | |  2.6

Action                   |  1- 3 |  4- 6 || total
-------------------------+-------+-------++-------
Melee: Falchion          |   102 |    60 ||   162
       Punch             |     1 |       ||     1
Invok: Berserk           |     1 |       ||     1
 Stab: Sleeping          |     1 |       ||     1
Armor: Animal skin       |    16 |       ||    16
       Leather armour    |     8 |    21 ||    29
Dodge: Dodged            |    73 |    38 ||   111

Table legend: (Time is in decaauts)
 A = Elapsed time spent in this place.
 B = Non-inter-level travel time spent in this place.
 C = Inter-level travel time spent in this place.
 D = Time resting spent in this place.
 E = Time spent auto-exploring this place.
 F = Levels seen in this place.
 G = Mean time per level.
                   A        B        C        D        E       F      G
               +--------+--------+--------+--------+--------+-----+--------+
         Total |   3270 |   3128 |    142 |    180 |   2479 |   4 |  817.5 |
       Dungeon |   3270 |   3128 |    142 |    180 |   2479 |   4 |  817.5 |
               +--------+--------+--------+--------+--------+-----+--------+

Top non-repeatable levels by time:
     D:2: 1269 daAuts
     D:1: 1154 daAuts
     D:3: 792 daAuts
     D:4: 53 daAuts
